 Dungeon Crawl Stone Soup version 0.26.1-11-gd32895ea62 (webtiles) character file.

Game seed: 1541312864877118128

200 ABBCCCDDDD the Sneak (level 5, -2/36 HPs)
             Began as an Octopode Ice Elementalist on July 20, 2021.
             Slain by an orc wizard
             ... wielding a +0 dagger
              (4 damage)
             ... on level 4 of the Dungeon.
             The game lasted 00:07:35 (4492 turns).

ABBCCCDDDD the Sneak (Octopode Ice Elementalist)    Turns: 4492, Time: 00:07:36

Health: -2/36      AC:  1    Str:  7    XL:     5   Next: 78%
Magic:  8/8        EV: 13    Int: 19    God:
Gold:   214        SH:  0    Dex: 12    Spells: 4/8 levels left

rFire    + . .     SeeInvis .   a - +0 spear
rCold    x . .     Faith    .   (no shield)
rNeg     . . .     Spirit   .   (helmet restricted)
rPois    .         Reflect  .   (no amulet)
rElec    .         Harm     .   j - ring of fire
rCorr    .         Rampage  .   (no ring)
Will     .....                  (no ring)
Stlth    ++++......             (no ring)
HPRegen  0.12/turn              (no ring)
MPRegen  0.11/turn              (no ring)
                                (no ring)
                                (no ring)

@: berserk cooldown, flying
A: almost no armour, stealthy swim, amphibious, 8 rings, constrict 8, camouflage
1, gelatinous body 1
a: no special abilities


You were on level 4 of the Dungeon.
You visited 1 branch of the dungeon, and saw 4 of its levels.

You collected 214 gold pieces.

Inventory:

Hand Weapons
 a - a +0 spear (weapon)
 t - a +0 trident
Missiles
 b - 103 stones (quivered)
 l - 30 poisoned darts
Jewellery
 j - a ring of fire (left tentacle)
 k - an uncursed ring of see invisible {unknown}
Scrolls
 f - 4 scrolls of teleportation {unknown}
 h - a scroll of enchant armour {unknown}
 i - a scroll of immolation {unknown}
 n - 2 scrolls of enchant weapon {unknown}
 p - a scroll of magic mapping {unknown}
 q - 4 scrolls of remove curse
 r - a scroll of fear {unknown}
 s - a scroll of identify {unknown}
Potions
 e - a potion of berserk rage
 g - a potion of lignification {unknown}
 m - a potion of curing {unknown}
 o - a potion of brilliance {unknown}


   Skills:
 + Level 3.1 Fighting
 - Level 2.0 Dodging
 + Level 5.5 Stealth
 - Level 2.0 Spellcasting
 + Level 4.7 Ice Magic


You had 4 spell levels left.
You knew the following spells:

 Your Spells              Type           Power        Failure   Level
a - Freeze                Ice            80%          2%          1
b - Ozocubu's Armour      Ice            20%          7%          3

Your spell library contained the following spells:

 Spells                   Type           Power        Failure   Level
 Frozen Ramparts          Ice            40%          7%          3
 Hailstorm                Conj/Ice       10%          54%         4
 Summon Ice Beast         Ice/Summ       10%          54%         4


Dungeon Overview and Level Annotations

Branches:
Dungeon (4/15)
 Temple: D:4-7

Altars:
Cheibriados

Annotations:
D:3 1 runed translucent door, xight's ghost, amateur DEFE
D:4 exclusion: ogre


Innate Abilities, Weirdness & Mutations

You cannot wear most types of armour.
You are very stealthy in the water. (Stealth+)
You are amphibious.
You can wear up to eight rings at the same time.
You can use your tentacles to constrict eight enemies at once.
Your skin changes colour to match your surroundings (Stealth+).
Your rubbery body absorbs attacks. (AC +1, EV +1)


Message History

* * * LOW HITPOINT WARNING * * *
The orc barely misses you.
You are too confused!
It was a potion of cancellation.
Your magical effects are unravelling.
You feel magically purged.
You feel yourself speed up.
You feel less confused. The orc wizard casts a spell at you.
The magic dart hits you.
* * * LOW HITPOINT WARNING * * *
The orc hits you with a +0 club.
* * * LOW HITPOINT WARNING * * *
The orc wizard closely misses you.
Unknown command.
Okay, then.
It was a potion of flight.
You feel very buoyant.
You fly up into the air.
The orc wizard hits you with a +0 dagger.
You die...

........# ........#
......o####+###
...Y.....(....
###########....#........
#.(.........##.#........
#...........##.O..#
#.......<....'.ooo#
#.....รท......#..@.#
#.................#
#.................#
#.................#
#...........##....#
#...........##....#
#...........##....#
#...........##....#
#...........##....#


You could see an ice beast, an ogre, an orc priest, an orc wizard (fast) and 2
orcs.

Vanquished Creatures
  An orc priest (D:2)
  Ijyb (D:4)
  A hound zombie (D:4)
  6 adders
  2 dart slugs
  5 orcs
  3 giant cockroaches (D:2)
  8 goblins
  6 hobgoblins
  6 jackals (D:1)
  3 quokkas
  4 bats
  3 frilled lizards
  12 kobolds
  12 rats
73 creatures vanquished.

Notes
Turn   | Place    | Note
-------+----------+-------------------------------------------
     0 | D:1      | ABBCCCDDDD the Octopode Ice Elementalist began the quest
                  | for the Orb.
     0 | D:1      | Reached XP level 1. HP: 11/11 MP: 3/3
   102 | D:1      | Reached skill level 3 in Stealth
   156 | D:1      | Reached skill level 1 in Fighting
   156 | D:1      | Reached XP level 2. HP: 18/18 MP: 5/5
   515 | D:1      | Reached XP level 3. HP: 19/23 MP: 2/6
   618 | D:1      | Reached skill level 4 in Stealth
  1228 | D:2      | Found a snail-covered altar of Cheibriados.
  1233 | D:2      | Learned a level 3 spell: Ozocubu's Armour
  1731 | D:2      | Reached XP level 4. HP: 19/29 MP: 4/7
  2264 | D:3      | Found a runed translucent door.
  2987 | D:3      | Noticed xight's ghost (amateur DEFE)
  3253 | D:4      | Reached XP level 5. HP: 32/35 MP: 6/8
  3257 | D:4      | Reached skill level 5 in Stealth
  3331 | D:4      | Noticed an ogre
  3350 | D:4      | Noticed an ice beast
  4472 | D:4      | Noticed Ijyb
  4481 | D:4      | Noticed an ice beast
  4486 | D:4      | Killed Ijyb
  4492 | D:4      | Slain by an orc wizard

Illustrated notes

Levels and vault maps discovered:
D:1:      dpeg_arrival_court, layout_basic, minmay_stone_trees_small
D:2:      layout_basic, lemuel_crystal_altar
D:3:      layout_rooms, ebering_ghost_sewer_d, minmay_misc_feat_cross,
          grunt_ministairs_4
D:4:      layout_basic, gammafunk_ghost_abyssal_escape, nrook_mini_backslash,
          chequers_garden, uniq_ijyb, uniq_crazy_yiuf_cottage, uniq_robin,
          uniq_natasha

Skill      XL: |  1  2  3  4  5 |
---------------+----------------+-----
Stealth        | 3 4 5 |  5.5
Fighting       | 1 2 3 |  3.1
Dodging        | |  2.0
Spellcasting   | |  2.0
Ice Magic      | |  4.7

Action                   |  1- 3 |  4- 6 || total
-------------------------+-------+-------++-------
Melee: Spear             |    88 |    85 ||   173
       Constrict         |    15 |    16 ||    31
       Tentacles         |     8 |     3 ||    11
Throw: Stone             |     1 |     5 ||     6
 Cast: Freeze            |    10 |    15 ||    25
       Ozocubu's Armour  |       |     1 ||     1
  Use: Scroll            |     1 |       ||     1
       Potion            |       |     3 ||     3
 Stab: Sleeping          |    17 |     9 ||    26
       Distracted        |       |     1 ||     1
Armor: Skin              |     7 |     5 ||    12
Dodge: Dodged            |    38 |    45 ||    83
